 Dungeon Crawl Stone Soup version 0.29.1-13-g9f3cf754e1 (webtiles) character file.

Game seed: 2675790417769711212

1553 croobank the Covert (level 8, -1/54 HPs)
             Began as an Octopode Delver on Feb 11, 2023.
             Slain by Maggie
             ... wielding a +0 long sword of flaming
              (5 damage)
             ... on level 8 of the Dungeon.
             The game lasted 00:17:42 (7745 turns).

croobank the Covert (Octopode Delver)               Turns: 7745, Time: 00:17:43

Health: -1/54      AC:  1    Str: 11    XL:     8   Next: 88%
Magic:  14/14      EV: 15    Int: 14    God:
Gold:   352        SH:  0    Dex: 20    Spells: 16/16 levels left

rFire   . . .      SeeInvis .   a - +4 dagger
rCold   + . .      Faith    .   (no shield)
rNeg    . . .      Spirit   .   (helmet restricted)
rPois   .          Reflect  .   y - amulet of the acrobat
rElec   .          Harm     .   z - +6 ring of dexterity
rCorr   .          Rampage  .   v - ring of protection from cold
Will    .....                   (no ring)
Stlth   +++++.....              (no ring)
HPRegen 0.18/turn               (no ring)
MPRegen 0.14/turn               (no ring)
                                (no ring)
                                (no ring)

@: mesmerised
A: almost no armour, amphibious, 8 rings, camouflage 1, gelatinous body 1,
(nimble swimmer 1), tentacles
a: no special abilities


You were on level 8 of the Dungeon.
You visited 1 branch of the dungeon, and saw 8 of its levels.

You collected 352 gold pieces.

Inventory:

Hand Weapons
 a - a +4 dagger (weapon)
 b - a +0 sling
 d - a +0 war axe
 g - a +0 whip of venom
 u - a +0 hand axe
 x - a +1 dagger of venom
Missiles
 i - 13 poisoned darts (quivered)
 p - 11 boomerangs
Armour
 o - a +0 buckler
Jewellery
 r - a ring of fire
 v - a ring of protection from cold (right tentacle)
 y - an amulet of the acrobat (around mantle)
 z - a +6 ring of dexterity (left tentacle)
Wands
 f - a wand of digging (3)
 E - a wand of iceblast (9)
Scrolls
 c - a scroll of magic mapping
 h - a scroll of fog
 j - a scroll of enchant armour {unknown}
 m - 2 scrolls of immolation
 s - 2 scrolls of fear
 w - a scroll of teleportation
 F - a scroll of identify
Potions
 e - a potion of haste
 k - a potion of invisibility
 l - 2 potions of brilliance {unknown}
 q - a potion of berserk rage {unknown}
 t - 2 potions of heal wounds {unknown}
 A - a potion of cancellation {unknown}
 B - a potion of mutation {unknown}
 C - a potion of ambrosia {unknown}
 D - a potion of magic {unknown}


   Skills:
 + Level 4.6 Fighting
 + Level 4.0 Axes
 + Level 4.1 Dodging
 + Level 8.3 Stealth
 - Level 3.0 Shields
 * Level 4.5 Spellcasting
 * Level 4.9 Summonings


You had 16 spell levels left.
You didn't know any spells.
Your spell library contained the following spells:

 Spells                   Type           Power      Damage    Failure   Level
 Inner Flame              Hex/Fire       3%         N/A       50%         3
 Portal Projectile        Hex/Tloc       6%         N/A       50%         3
 Tukima's Dance           Hex            3%         N/A       50%         3
 Cause Fear               Hex            1%         N/A       88%         4
 Summon Forest            Summ/Tloc      5%         N/A       88%         5
 Summon Mana Viper        Hex/Summ       10%        N/A       88%         5
 Summon Cactus Giant      Summ           8%         N/A       98%         6
 Blade Hands              Tmut           1%         N/A       99%         5
 Discord                  Hex            1%         N/A       100%        8


Dungeon Overview and Level Annotations

Branches:
Dungeon (8/15)
 Temple: D:4-7         Lair: D:8-11

Altars:
Dithmenos
Elyvilon
Makhleb
Nemelex Xobeh
Qazlal
Vehumet
Wu Jian
Yredelemnul

Shops:
D:1 *

Annotations:
D:8 Maggie


Innate Abilities, Weirdness & Mutations

You cannot wear most types of armour.
You are amphibious.
You can wear up to eight rings at the same time.
Your skin changes colour to match your surroundings (Stealth+).
Your rubbery body absorbs attacks. (AC +1, EV +1)
((You are camouflaged when in or above water. (Stealth+)))
You have tentacles for arms and can constrict up to eight enemies at once.


Message History

You squeeze Maggie, but do no damage.
Maggie is heavily wounded.
Maggie gestures wildly while chanting.
Maggie attempts to bespell you!
You are mesmerised by Maggie!
Okay, then.
You hit Maggie but do no damage. You grab Maggie.
Your tentacle-slap misses Maggie.
Maggie is heavily wounded.
You constrict Maggie, but do no damage.
Maggie hits you with a +0 long sword of flaming!
Maggie burns you.
You hit Maggie.
Maggie is heavily wounded.
You constrict Maggie, but do no damage.
Maggie hits you with a +0 long sword of flaming.
Maggie burns you.
You hit Maggie but do no damage. You squeeze Maggie, but do no damage.
Maggie is heavily wounded.
You constrict Maggie. Maggie misses you.
You hit Maggie.
Maggie is heavily wounded.
You constrict Maggie. Maggie closely misses you.
You hit Maggie but do no damage. You squeeze Maggie, but do no damage.
Maggie is severely wounded.
You constrict Maggie. Maggie gestures at you while chanting.
The bolt of fire hits you!!
Ouch! That really hurt!
* * * LOW HITPOINT WARNING * * *
You feel better.
You constrict Maggie. Maggie closely misses you.
Aiming: Iceblast
Press: ? - help, Shift-Dir - straight line The mass of ice explodes!
The iceblast engulfs Maggie.
Maggie is severely wounded.
You constrict Maggie.
Maggie hits you with a +0 long sword of flaming!
* * * LOW HITPOINT WARNING * * *
Maggie burns you.
You die...

..... #....
##....#####+##
#.........>..#
#............#
#......!.....#
#..........<.#
#.....@@.....#
##...######+##
##


You could see Maggie (mesmerising).

Vanquished Creatures
  2 water moccasins
  A sky beast (D:6)
  2 black bears
  A kobold brigand (D:6)
  2 bullfrogs (D:6)
  A necrophage (D:6)
  A scorpion (D:5)
  5 howler monkeys
  6 hounds
  2 jellies (D:4)
  3 orc priests (D:6)
  An orc wizard (D:7)
  5 adders
  4 gnolls
  An ufetubus (D:5)
  A worm (D:2)
  3 dart slugs
  8 orcs
  5 ball pythons
  14 bats
  8 endoplasms
  2 giant cockroaches
  9 goblins
  9 hobgoblins
  9 jackals (D:3)
  5 kobolds
  A quokka (D:1)
  3 frilled lizards
  6 rats
  A spectral hobgoblin (D:1)
121 creatures vanquished.

Vanquished Creatures (others)
  An orc wizard (D:6)
  34 plants (D:2)
35 creatures vanquished.

Grand Total: 156 creatures vanquished

Notes
Turn   | Place    | Note
-------+----------+-------------------------------------------
     0 | D:5      | croobank the Octopode Delver began the quest for the Orb.
     0 | D:5      | Reached XP level 1. HP: 16/16 MP: 1/1
    21 | D:7      | Noticed a kobold brigand
    21 | D:7      | Noticed a bullfrog
    37 | D:7      | Noticed a howler monkey
    37 | D:7      | Noticed a howler monkey
    67 | D:5      | Noticed a black bear
   159 | D:5      | Identified the +0 robe "Sonorir" {MP+9 Str+3 Int+2}
   211 | D:5      | Noticed a hound
   352 | D:3      | Reached XP level 2. HP: 21/21 MP: 2/2
   394 | D:1      | Found a faded altar of an unknown god.
   592 | D:1      | Found Edizxos's Assorted Antiques.
   710 | D:1      | Reached skill level 1 in Spellcasting
   710 | D:1      | Reached skill level 1 in Summonings
   717 | D:1      | Reached XP level 3. HP: 24/26 MP: 4/4
  2058 | D:2      | Reached XP level 4. HP: 14/31 MP: 6/6
  2915 | D:3      | Reached skill level 7 in Stealth
  3149 | D:3      | Found a white marble altar of Elyvilon.
  3244 | D:3      | Found a basalt altar of Yredelemnul.
  4016 | D:4      | Reached XP level 5. HP: 36/36 MP: 7/7
  4165 | D:4      | Found a radiant altar of Vehumet.
  4472 | D:4      | Noticed a black bear
  4478 | D:3      | Reached skill level 1 in Shields
  4647 | D:4      | Killed a black bear
  4648 | D:4      | Reached XP level 6. HP: 29/42 MP: 9/9
  5084 | D:5      | Found a burning altar of Makhleb.
  5084 | D:5      | Found an ornate altar of the Wu Jian Council.
  5092 | D:5      | Reached XP level 7. HP: 47/47 MP: 11/11
  5542 | D:5      | Found a sparkling altar of Nemelex Xobeh.
  5543 | D:5      | Found a stormy altar of Qazlal.
  5544 | D:5      | Found a shadowy altar of Dithmenos.
  5810 | D:6      | Reached XP level 8. HP: 51/54 MP: 13/13
  6090 | D:6      | Reached skill level 8 in Stealth
  6873 | D:6      | HP: 1/54 [kobold brigand/+0 short sword (5)]
  7487 | D:7      | Noticed a yak
  7733 | D:8      | Noticed Maggie
  7745 | D:8      | Slain by Maggie

Illustrated notes

Levels and vault maps discovered:
D:1:      erik_arrival_cave_to_civilisation [erik_arrival_cave_to_hall],
          layout_basic, serial_shops, shop,
          dreamdust_ecumenical_altar_drowned_temple
D:2:      layout_basic, serial_bayou_lagoon_a, kennysheep_boxes
D:3:      layout_basic, kennysheep_ying_yang, minmay_misc_feat_x,
          roderic_batcave, kennysheep_cross_room
D:4:      layout_rooms, vehumet_crystals, st_stairs_1, minmay_misc_feat_tiny
D:5:      layout_cave_pods, grunt_temple_overflow_open
D:6:      layout_basic, kennysheep_generic_room_14
D:7:      layout_cave_pools, minmay_temple_entry_glassed_door,
          kennysheep_generic_room_12, uniq_pikel
D:8:      layout_gridville, hex_large, uniq_maggie, uniq_erica

Skill      XL: |  1  2  3  4  5  6  7  8 |
---------------+-------------------------+-----
Spellcasting   | 1 2 3 4 |  4.5
Summonings     | 1 2 3 4 |  4.9
Stealth        | 7 8 |  8.3
Shields        | 1 2 3 |  3.0
Dodging        | 3 4 |  4.1
Axes           | 3 4 |  4.0
Fighting       | 4 |  4.6

Action                   |  1- 3 |  4- 6 |  7- 9 || total
-------------------------+-------+-------+-------++-------
Melee: Hand axe          |    50 |       |       ||    50
       Constrict         |    14 |    16 |    21 ||    51
       Tentacles         |    11 |    16 |    30 ||    57
       Punch             |     3 |       |     2 ||     5
       Dagger            |    14 |    83 |    98 ||   195
 Fire: Sling             |       |    17 |     6 ||    23
Throw: Dart              |       |     7 |    11 ||    18
       Throwing net      |       |     1 |       ||     1
Evoke: Wand              |       |       |     2 ||     2
  Use: Scroll            |     5 |     4 |       ||     9
       Potion            |       |       |     6 ||     6
 Stab: Sleeping          |    17 |    13 |     5 ||    35
       Fleeing           |       |     1 |       ||     1
       Distracted        |       |       |     1 ||     1
Armor: Skin              |     3 |     6 |     5 ||    14
Dodge: Dodged            |    27 |    78 |    61 ||   166
